 Dungeon Crawl Stone Soup version 0.30.1-4-g462c640d31 (webtiles) character file.

Game seed: 1370369986503673731

49 wingedge the Shooter (level 3, -6/29 HPs)
             Began as a Demigod Wanderer on Aug 24, 2023.
             Killed from afar by an orc wizard (8 damage)
             ... with a magic dart
             ... on level 2 of the Dungeon.
             The game lasted 00:06:22 (1095 turns).

wingedge the Shooter (Demigod Wanderer)             Turns: 1095, Time: 00:06:23

Health: -6/29      AC:  4    Str: 14    XL:     3   Next: 33%
Magic:  6/6        EV: 11    Int: 17    God:
Gold:   94         SH:  0    Dex: 13    Spells: 3/4 levels left

rFire   . . .        a - +2 sling
rCold   . . .        (no shield)
rNeg    . . .        d - +0 leather armour
rPois   .            (no helmet)
rElec   .            (no cloak)
rCorr   .            (no gloves)
SInv    .            (no boots)
Will    +....        (no amulet)
Stlth   +            (no ring)
HPRegen 0.24/turn    (no ring)
MPRegen 0.10/turn

%: no passive effects
@: hasted, very quick
A: high MP 1, forlorn, divine attributes, strong-willed 1, screaming 1, shaggy
fur 1, MP-powered wands
a: no special abilities


You were on level 2 of the Dungeon.
You visited 1 branch of the dungeon, and saw 2 of its levels.

You collected 94 gold pieces.

Inventory:

Hand Weapons
 a - a +2 sling (weapon)
Missiles
 s - 4 poisoned darts
Armour
 d - a +0 leather armour (worn)
 r - a +0 scale mail
Wands
 b - a wand of flame (2)
Scrolls
 e - a scroll of amnesia {unknown}
 j - a scroll of vulnerability {unknown}
 k - a scroll of identify {unknown}
 l - a scroll of fog {unknown}
 m - a scroll of summoning {unknown}
 n - 2 scrolls of magic mapping {unknown}
 p - a scroll of brand weapon {unknown}
 q - a scroll of torment {unknown}
 t - a scroll of blinking {unknown}
Potions
 f - 4 potions of mutation
 g - a potion of might
 u - a potion of lignification {unknown}


   Skills:
 - Level 2.0 Fighting
 + Level 4.4 Ranged Weapons
 - Level 1.0 Stealth
 - Level 1.0 Spellcasting
 - Level 1.7 Hexes
 - Level 1.0 Evocations


You had 3 spell levels left.
You knew the following spells:

 Your Spells              Type           Power      Damage    Failure   Level
a - Slow                  Hex            24%        N/A       13%         1

Your spell library contained the following spells:

 Spells                   Type           Power      Damage    Failure   Level
 Ensorcelled Hibernation  Hex/Ice        6%         N/A       28%         2
 Blink                    Tloc           0%         N/A       38%         2
 Lesser Beckoning         Tloc           0%         N/A       38%         2
 Momentum Strike          Conj/Tloc      0%         3d8       38%         2
 Passwall                 Tmut/Erth      0%         N/A       38%         2
 Inner Flame              Hex/Fire       3%         N/A       50%         3
 Swiftness                Air            0%         N/A       63%         3


Dungeon Overview and Level Annotations

Branches:
Dungeon (2/15)

Shops:
D:2 [


Innate Abilities, Weirdness & Mutations

You have an increased reservoir of magic. (+10% MP)
You shall have no god before yourself.
Your divine heritage dramatically boosts your attributes as you level up.
You are strong-willed. (Will+)
You occasionally shout uncontrollably at your foes.
You are covered in fur. (AC +1)
You expend magic power (3 MP) to strengthen your wands.


Message History

The puff of flame hits something but does no damage.
Aiming: Throw Flame
Press: ? - help, Shift-Dir - straight line, f/p - orc
Aim: an orc, wielding a +0 hand axe and wearing a +0 ring mail (severely wounded, 72% to hit)
The puff of flame hits something.
The rat bites you.
You hear some strange, mumbled words.
You are confused.
You are too confused!
Unknown command.
You completely miss something. Something hits you.
The rat completely misses you.
It was a potion of mutation.
You feel extremely strange.
You feel strong-willed.
You feel your magical essence link to the dungeon's wands.
You feel the urge to shout. Fur sprouts all over your body.
Something hits you but does no damage. The rat misses you.
Okay, then.
It was a potion of might.
You feel very mighty all of a sudden. Something hits you.
The rat barely misses you.
Okay, then.
Okay, then.
It was a potion of brilliance.
You feel clever all of a sudden. The rat closely misses you.
Something hits you.
* * * LOW HITPOINT WARNING * * *
It was a potion of cancellation.
Your magical effects are unravelling.
You feel magically purged.
You feel less confused.
You feel a little less mighty now.
You feel a little less clever now. Something hits you.
* * * LOW HITPOINT WARNING * * *
The rat bites you but does no damage.
It was a potion of haste.
You feel yourself speed up. Something hits you.
* * * LOW HITPOINT WARNING * * *
The rat bites you but does no damage.
A magic dart appears from out of thin air!
The magic dart hits you!
You die...

.....................^..
##.####.#.######.##.##.
#.....####.##.##..
#.#...............
#o#.######..#.###. #o#.#
#.##..# # #{#.# #.##..#
##.#.#.# #.##..#
#..r.@.###.##..#
#..#.#.........#
.......#.#...##..# .
..................#.#
.#.#.##.#.#..###.......
..... #.#†#..###..#.....
.### #.#.#.......#..#.
#.#.........#....
###..........#.#


You could see 2 orcs and a rat.

Vanquished Creatures
  2 adders (D:2)
  An orc (D:2)
  6 endoplasms
  2 giant cockroaches
  3 goblins (D:1)
  2 hobgoblins
  2 jackals (D:1)
  A quokka (D:1)
  A ball python (D:2)
  A bat (D:1)
  3 frilled lizards
  2 kobolds (D:1)
  2 rats
28 creatures vanquished.

Notes
Turn   | Place    | Note
-------+----------+-------------------------------------------
     0 | D:1      | wingedge the Demigod Wanderer began the quest for the Orb.
     0 | D:1      | wingedge set off with the following items: a +2 sling, a
                  | wand of flame (6), a potion of invisibility, a +0 leather
                  | armour; and the following spell memorised: Slow; and the
                  | following spells available to memorise: Inner Flame.
     0 | D:1      | Reached XP level 1. HP: 16/16 MP: 4/4
   143 | D:1      | Reached skill level 4 in Ranged Weapons
   225 | D:1      | Reached XP level 2. HP: 23/23 MP: 5/5
   873 | D:2      | Reached XP level 3. HP: 29/29 MP: 6/6
  1001 | D:2      | Found Hayguyph's Armour Shop.
  1090 | D:2      | Gained mutation: You are strong-willed. (Will+) [potion of
                  | mutation]
  1090 | D:2      | Gained mutation: You expend magic power (3 MP) to
                  | strengthen your wands. [potion of mutation]
  1090 | D:2      | Gained mutation: You occasionally shout uncontrollably at
                  | your foes. [potion of mutation]
  1090 | D:2      | Gained mutation: You are covered in fur. (AC +1) [potion of
                  | mutation]
  1095 | D:2      | Killed from afar by an orc wizard

Illustrated notes

Levels and vault maps discovered:
D:1:      dpeg_arrival_tiny_j, layout_loops_ring
D:2:      layout_basic, serial_shops, shop, uniq_sigmund

Skill      XL: |  1  2 |
---------------+-------+-----
Ranged Weapons | 4 |  4.4
Fighting       | 2 |  2.0
Stealth        | |  1.0
Spellcasting   | |  1.0
Hexes          | |  1.7
Evocations     | |  1.0

Action                     || total
---------------------------++-------
  Melee: Sling             ||     1
   Fire: Sling             ||    88
   Cast: Slow              ||     2
  Evoke: Wand              ||     4
    Use: Potion            ||     6
 Armour: Leather armour    ||     9
  Dodge: Dodged            ||    23
